 Dungeon Crawl Stone Soup version 0.27-a0-1149-g4505690ab0 (webtiles) character file.

Game seed: 9912747417551747149

30 jasper the Ruffian (level 3, -1/32 HPs)
             Began as a Naga Transmuter on May 13, 2021.
             Frozen to death by an endoplasm (2 damage)
             ... on level 2 of the Dungeon.
             The game lasted 00:01:39 (711 turns).

jasper the Ruffian (Naga Transmuter)                 Turns: 711, Time: 00:01:40

Health: -1/32      AC:  2    Str: 12    XL:     3   Next: 20%
Magic:  4/12       EV:  9    Int: 20    God:
Gold:   17         SH:  0    Dex: 11    Spells: 5/6 levels left

rFire    . . .     SeeInvis +   b - +6 Majin-Bo {vamp, MP+6 Int+6}
rCold    . . .     Faith    .   (shield currently unavailable)
rNeg     . . .     Spirit   .   a - +0 robe
rPois    +         Reflect  .   (helmet currently unavailable)
rElec    .         Harm     .   (no cloak)
rCorr    .         Rampage  .   (no gloves)
Will     .....                  (no barding)
Stlth    +.........             (no amulet)
HPRegen  0.10/turn              (no ring)
MPRegen  0.13/turn              (no ring)

@: short of breath, appendages (expiring), very slow
A: horns 2, AC +1, large, see invisible, deformed body, poison resistance,
slowness 2, spit poison 1, naga tail 1
a: Spit Poison, End Transformation


You were on level 2 of the Dungeon.
You had temporarily grown beastly horns.
You visited 1 branch of the dungeon, and saw 2 of its levels.

You collected 17 gold pieces.

Inventory:

Hand Weapons
 b - the +6 Majin-Bo (weapon) {vamp, MP+6 Int+6}
   (You acquired it on level 2 of the Dungeon)

   It inflicts no extra harm, but heals its wielder when it wounds a living foe.
   It affects your intelligence (+6).
   It affects your magic capacity (+6).
Armour
 a - a +0 robe (worn)


   Skills:
 + Level 1.8 Fighting
 - Level 1.5 Dodging
 + Level 3.4 Unarmed Combat
 - Level 2.0 Spellcasting
 + Level 2.6 Transmutations


You had 5 spell levels left.
You knew the following spells:

 Your Spells              Type           Power      Damage    Failure   Level
a - Beastly Appendage     Tmut           24%        N/A       5%          1

Your spell library contained the following spells:

 Spells                   Type           Power      Damage    Failure   Level
 Wereblood                Tmut           12%        N/A       9%          2
 Corona                   Hex            2%         N/A       16%         1
 Ensorcelled Hibernation  Hex/Ice        4%         N/A       24%         2
 Spider Form              Tmut/Pois      3%         N/A       28%         3
 Confusing Touch          Hex            2%         N/A       43%         3
 Dazzling Flash           Conj/Hex       4%         N/A       43%         3
 Tukima's Dance           Hex            2%         N/A       43%         3
 Ice Form                 Ice/Tmut       7%         N/A       67%         4
 Hydra Form               Tmut           6%         N/A       83%         5


Dungeon Overview and Level Annotations

Branches:
Dungeon (2/15)

Altars:


Innate Abilities, Weirdness & Mutations

You have temporarily grown beastly horns.
Your serpentine skin is tough. (AC +1)
You have supernaturally acute eyesight. (SInv)
Armour fits poorly on your strangely shaped body.
Your system is resistant to poisons. (rPois)
You cover ground very slowly.
You can spit poison.
You have a snake-like lower body.


Message History

b - the +6 Majin-Bo (weapon)
{vamp, MP+6 Int+6} The endoplasm hits you.
* * * LOW HITPOINT WARNING * * *
You take 2 damage, and have 9/32 hp.
You hit the endoplasm but do no damage. The endoplasm barely misses you.
An orc comes into view.
It is wielding a +3 hand axe of distortion.
You aren't carrying any potions.
Okay, then.
You pick up a book of Maledictions and begin reading...
You add the spells Corona, Ensorcelled Hibernation, Confusing Touch, Tukima's Dance and Dazzling Flash to your library.
The endoplasm freezes you.
You are frozen.
* * * LOW HITPOINT WARNING * * *
You take 4 damage, and have 5/32 hp.
Unknown command.
You barely miss the endoplasm.
The orc shouts!
You hear a shout!
The endoplasm closely misses you. The endoplasm freezes you.
You are frozen.
* * * LOW HITPOINT WARNING * * *
You take 3 damage, and have 2/32 hp.
You aren't carrying any scrolls.
Unknown command.
Abil: Spit Poison
Press: ? - help, Q - select action, (/) - cycle Shift-Dir - straight line, f - endoplasm
Aim: an endoplasm The splash of poison hits the endoplasm.
The endoplasm is moderately wounded.
An orc comes into view. It is wielding a +0 dagger.
The endoplasm freezes you.
You are frozen.
* * * LOW HITPOINT WARNING * * *
You take 1 damage, and have 1/32 hp.
You barely miss the endoplasm.
The endoplasm is moderately wounded.
Your transformation is almost over.
The endoplasm freezes you.
You are frozen.
You die...

#. #. .o #. #. #.
#o######## #ooJ@....#
########.# ###### #.#
#..... #####'## #.....
#......# ##.....
#######......# #......
#....##......# #......
#.)..##......#####......
#....##.................


You could see 3 orcs and an endoplasm.

Vanquished Creatures
  2 adders (D:2)
  A worm (D:2)
  An orc (D:2)
  A ball python (D:2)
  A bat (D:2)
  A hobgoblin (D:2)
  2 jackals (D:2)
9 creatures vanquished.

Notes
Turn   | Place    | Note
-------+----------+-------------------------------------------
     0 | D:1      | jasper the Naga Transmuter began the quest for the Orb.
     0 | D:1      | Reached XP level 1. HP: 18/18 MP: 3/3
    76 | D:2      | Reached XP level 2. HP: 3/25 MP: 3/5
   700 | D:2      | Reached XP level 3. HP: 17/32 MP: 4/6
   703 | D:2      | Identified 2 scrolls of acquirement
   703 | D:2      | Acquired a book of Maledictions
   704 | D:2      | Acquired the +6 Majin-Bo {vamp, MP+6 Int+6}
   705 | D:2      | Found the +6 Majin-Bo {vamp, MP+6 Int+6}
   710 | D:2      | HP: 1/32 [frozen (2)]
   711 | D:2      | Frozen to death by an endoplasm

Illustrated notes

Levels and vault maps discovered:
D:1:      dpeg_arrival_stonehenge_8_columns, layout_basic
D:2:      layout_basic, basic_ecumenical_altar

Action                   || total
-------------------------++-------
Melee: Unarmed           ||    20
       Headbutt          ||     2
       Quarterstaff      ||     3
 Cast: Beastly Appendage ||     6
 Abil: Spit Poison       ||    11
  Use: Scroll            ||     2
Armor: Robe              ||     4
Dodge: Dodged            ||     8

Table legend: (Time is in decaauts)
 A = Elapsed time spent in this place.
 B = Non-inter-level travel time spent in this place.
 C = Inter-level travel time spent in this place.
 D = Time resting spent in this place.
 E = Time spent auto-exploring this place.
 F = Levels seen in this place.
 G = Mean time per level.
                   A        B        C        D        E       F      G
               +--------+--------+--------+--------+--------+-----+--------+
         Total |    760 |    760 |      0 |     52 |    602 |   2 |  380.0 |
       Dungeon |    760 |    760 |      0 |     52 |    602 |   2 |  380.0 |
               +--------+--------+--------+--------+--------+-----+--------+

Top non-repeatable levels by time:
     D:2: 757 daAuts
     D:1: 2 daAuts
